 Dungeon Crawl Stone Soup version 0.21.1-1-g345015fe64 (webtiles) character file.

495 Gargoyl the Skirmisher (level 6, -2/52 HPs)
             Began as a Centaur Abyssal Knight on July 29, 2018.
             Was a Believer of Lugonu.
             Slain by Dowan
             ... wielding a +2 dagger of electrocution
              (19 damage)
             ... on level 4 of the Dungeon.
             The game lasted 00:06:50 (4234 turns).

Gargoyl the Skirmisher (Centaur Abyssal Knight)     Turns: 4234, Time: 00:06:51

Health: -2/52      AC: 12    Str: 15    XL:     6   Next: 92%
Magic:  8/8        EV: 13    Int: 16    God:    Lugonu [**....]
Gold:   250        SH:  0    Dex: 17    Spells: 5/5 levels left

rFire    . . .     SeeInvis +   a - +3 hand axe
rCold    . . .     Gourm    .   (no shield)
rNeg     . . .     Faith    .   v - +0 scale mail
rPois    .         Spirit   .   n - +1 helmet
rElec    .         Reflect  .   (no cloak)
rCorr    .         Harm     .   j - +0 pair of gloves
MR       .....                  (no barding)
Stlth    +.........             (no amulet)
HPRegen  0.17/turn              i - ring of see invisible
MPRegen  0.11/turn              (no ring)

@: brilliant, agile, very quick
A: large, hooves 3, thin metallic scales 1, thin skeletal structure 1, deformed
body, speed 2, tough skin 3
a: Depart the Abyss, Bend Space, Renounce Religion


You were on level 4 of the Dungeon.
You worshipped Lugonu.
Lugonu was pleased with you.
You were hungry.

You visited 1 branch of the dungeon, and saw 5 of its levels.
You visited the Abyss 1 time.

You collected 250 gold pieces.

Inventory:

Hand Weapons
 a - a +3 hand axe (weapon)
Missiles
 d - 3 steel javelins (quivered)
 r - 2 tomahawks
Armour
 j - a +0 pair of gloves (worn)
 n - a +1 helmet (worn)
 v - a +0 scale mail (worn)
Jewellery
 i - a ring of see invisible (left hand)
Wands
 o - a wand of disintegration (16)
Scrolls
 f - a scroll of identify
 h - 2 scrolls of teleportation
 p - a scroll of blinking
 s - a scroll of remove curse
Potions
 e - 4 potions of curing
 g - a potion of cancellation
 l - a potion of agility
 m - a potion of heal wounds
Comestibles
 c - 12 rations


   Skills:
 + Level 4.2 Fighting
 + Level 3.9 Axes
 + Level 0.4 Throwing
 * Level 3.2 Armour
 + Level 1.5 Dodging
 * Level 3.5 Invocations


You had 5 spell levels left.
You didn't know any spells.

Dungeon Overview and Level Annotations

Branches:
Dungeon (5/15)
 Temple: D:4-7

Altars:
Ru
Wu Jian

Annotations:
D:4 Dowan, Duvessa


Innate Abilities, Weirdness & Mutations

You have hooves in place of feet.
Armour fits poorly on your strangely shaped body.
You cover ground very quickly.
You have extremely tough skin. (AC +3)
You are partially covered in thin metallic scales. (AC +2)
You have a somewhat thin skeletal structure. (Dex +2, Stealth)


Message History

Duvessa hits you with a short sword.
Unknown command.
You hit Duvessa but do no damage.
Duvessa is severely wounded.
Your scale mail prevents you from hitting Dowan.
Dowan barely misses you. Duvessa hits you with a short sword.
Dowan gestures at you while chanting. The puff of flame hits you!
The bullfrog skeleton hits you but does no damage.
Duvessa barely misses you.
You feel agile all of a sudden.
Dowan hits you with a dagger of electrocution.
The bullfrog skeleton barely misses you.
Duvessa hits you with a short sword.
It was a potion of brilliance.
You feel clever all of a sudden. Dowan misses you.
Duvessa hits you with a short sword. The bullfrog skeleton misses you.
Dowan hits you but does no damage.
You are electrocuted!
You die...

##################
#................# #
#................# ##.#
#................# ###.e.#
#................## ##...#
..####.####......Z?###..###
#....#..# #.....@e......#
#....###(....)e####....#
###...##.......# #.##....#
###.[.######## ...# ###..
#.....## ..### #
###....#####[# ###........#
##.....#..# #.........#


You could see Duvessa, Dowan and a bullfrog skeleton.

Vanquished Creatures
  A sky beast (D:5)
  An orc priest (D:4)
  A bullfrog skeleton (D:5)
  4 orc wizards
  A worker ant (D:4)
  A hound skeleton (D:5)
  A worker ant zombie (D:5)
  4 gnolls
  5 adders
  An ufetubus (Abyss:3)
  An ooze (D:3)
  An adder zombie (D:5)
  A worm (D:3)
  4 leopard geckos
  7 orcs
  3 giant cockroaches
  11 goblins
  5 hobgoblins
  10 jackals
  8 kobolds
  A quokka (D:4)
  3 ball pythons
  5 bats
  A frilled lizard (D:1)
  3 rats
  A plant (D:3)
85 creatures vanquished.

Notes
Turn   | Place    | Note
-------+----------+-------------------------------------------
     0 | Abyss:1  | Gargoyl the Centaur Abyssal Knight began the quest for the Orb.
     0 | Abyss:1  | Reached XP level 1. HP: 19/19 MP: 2/2
   124 | Abyss:3  | Noticed a small abomination
   129 | Abyss:3  | Noticed a sixfirhy
   131 | D:1      | Escaped the Abyss
   234 | D:1      | Reached * piety under Lugonu
   234 | D:1      | Reached XP level 2. HP: 25/26 MP: 3/3
   650 | D:1      | Found an ornate altar of the Wu Jian Council.
   777 | D:1      | Reached XP level 3. HP: 31/31 MP: 4/4
  1511 | D:2      | Reached XP level 4. HP: 33/40 MP: 5/5
  2275 | D:3      | Reached skill level 1 in Dodging
  2512 | D:3      | Reached ** piety under Lugonu
  3030 | D:4      | Found a sacrificial altar of Ru.
  3085 | D:4      | Reached XP level 5. HP: 41/46 MP: 5/7
  3094 | D:4      | Reached skill level 4 in Fighting
  3297 | D:4      | Reached XP level 6. HP: 31/52 MP: 8/8
  3374 | D:5      | Entered Level 5 of the Dungeon
  3801 | D:5      | Noticed a sky beast
  3814 | D:5      | Killed a sky beast
  3950 | D:4      | Noticed Duvessa
  3958 | D:4      | Noticed Dowan
  4222 | D:5      | Gained mutation: You are partially covered in thin metallic scales. (AC +2) [potion of mutation]
  4222 | D:5      | Gained mutation: You have a somewhat thin skeletal structure. (Dex +2, Stealth) [potion of mutation]
  4234 | D:4      | Slain by Dowan

Skill      XL: |  1  2  3  4  5  6 |
---------------+-------------------+-----
Axes           | 2 3 |  3.9
Armour         | 2 3 |  3.2
Dodging        | 1 |  1.5
Fighting       | 4 |  4.2
Invocations    | 3 |  3.5
Throwing       | |  0.4

Action                   |  1- 3 |  4- 6 || total
-------------------------+-------+-------++-------
Melee: Hand axe          |    73 |   209 ||   282
       Kick              |    12 |    51 ||    63
Throw: Javelin           |       |     5 ||     5
Invok: Depart the Abyss  |     1 |       ||     1
  Use: Scroll            |     7 |     6 ||    13
       Potion            |     1 |     4 ||     5
  Eat: Chunk             |     1 |     7 ||     8
Armor: Leather armour    |    23 |    70 ||    93
       Scale mail        |       |    45 ||    45
Dodge: Dodged            |    59 |   112 ||   171
